 Dungeon Crawl Stone Soup version 0.32-a0-859-gb0a091d592 (webtiles) character file.

Game seed: 444755899095848901

2718 Dirtsage the Cleaver (level 9, -4/75 HPs)
             Began as a Mountain Dwarf Fighter on Mar 27, 2024.
             Was an Initiate of Gozag.
             Killed from afar by an electric eel (12 damage)
             ... with a bolt of electricity
             ... on level 6 of the Dungeon.
             The game lasted 00:11:41 (5169 turns).

Dirtsage the Cleaver (Mountain Dwarf Fighter)       Turns: 5169, Time: 00:11:41

Health: -4/75      AC: 21    Str: 22    XL:     9   Next: 39%
Magic:  9/9        EV:  7    Int: 10    God:    Gozag
Gold:   119        SH:  4    Dex:  9    Spells: 8/8 levels left

rFire   . . .        a - +1 war axe
rCold   . . .        c - +0 buckler
rNeg    . . .        f - +3 chain mail {Will+}
rPois   +            (no helmet)
rElec   .            (no cloak)
rCorr   .            d - +0 pair of gloves
SInv    .            k - +2 pair of boots
Will    +....        (no amulet) Stlth
                     o - +4 ring of protection
HPRegen 0.32/turn    P - ring of poison resistance
MPRegen 0.11/turn

%: no passive effects
@: very slow
A: runic magic, artefact enchanting
a: Renounce Religion, Potion Petition, Call Merchant, Bribe Branch


You were on level 6 of the Dungeon.
You worshipped Gozag.
Gozag was aware of your devotion.
You visited 2 branches of the dungeon, and saw 7 of its levels.

You collected 294 gold pieces.
You spent 100 gold pieces at shops.
You paid 75 gold pieces to Gozag.

Inventory:

Hand Weapons
 a - a +1 war axe (weapon)
Armour
 b - a +0 scale mail
 c - a +0 buckler (worn)
 d - a +0 pair of gloves (worn)
 f - a +3 chain mail of willpower (worn)
 k - a +2 pair of boots (worn)
Magical Staves
 r - a staff of air
Jewellery
 n - a +6 ring of intelligence
 o - a +4 ring of protection (left hand)
 F - a ring of protection from fire
 P - a ring of poison resistance (right hand)
Scrolls
 g - a scroll of fear
 h - 3 scrolls of immolation
 i - a scroll of identify
 j - a scroll of enchant weapon
 m - a scroll of noise {unknown}
 q - a scroll of acquirement {unknown}
 s - a scroll of torment {unknown}
 B - a scroll of blinking
Potions
 e - a potion of magic
 l - a potion of heal wounds
 p - a potion of attraction


   Skills:
 + Level 6.1 Fighting
 * Level 12.2 Axes
 + Level 6.1 Armour
 - Level 3.3 Shields
 + Level 3.6 Shapeshifting


You had 8 spell levels left.
You didn't know any spells.
Your spell library contained the following spells:

 Spells                   Type           Power      Damage    Failure   Level
 Call Canine Familiar     Summ           0%         N/A       91%         3
 Sigil of Binding         Hex            0%         N/A       91%         3
 Brom's Barrelling Bould  Conj/Erth      0%         2d3       100%        4
 Dimensional Bullseye     Hex/Tloc       0%         N/A       100%        4
 Fireball                 Conj/Fire      0%         3d3       100%        5
 Iskenderun's Battlesphe  Conj           0%         2d6       100%        5
 Conjure Ball Lightning   Conj/Air       0%         3x3d6     100%        6
 Orb of Destruction       Conj           0%         9d5       100%        7


Dungeon Overview and Level Annotations

Branches:
Dungeon (6/15)             Temple (1/1) D:6

Altars:
Dithmenos
Gozag
Hepliaklqana
Kikubaaqudgha
Nemelex Xobeh
Qazlal
Ru
Sif Muna
Uskayaw
Vehumet
Wu Jian
Yredelemnul
Zin

Shops:
D:3 *[:*:   D:5 *


Innate Abilities, Weirdness & Mutations

Your spellcasting is much less encumbered by armour.
You can use scrolls of enchantment on lesser artefacts.


Message History

Your unstable footing causes you to fumble your attack.
You closely miss the electric eel. x2
You hit the electric eel.
The electric eel is moderately wounded.
You slash the electric eel!
The electric eel shoots out a bolt of lightning at you!
The bolt of electricity hits you.
You take 6 damage, and have 44/75 hp.
Your unstable footing causes you to fumble your attack.
The electric eel shoots out a bolt of lightning at you!
The bolt of electricity hits you.
The electric eel shoots out a bolt of lightning at you!
The bolt of electricity hits you.
You take 9 damage, and have 35/75 hp.
Your unstable footing causes you to fumble your attack.
The electric eel shoots out a bolt of lightning at you!
The bolt of electricity hits you!
* * * LOW HITPOINT WARNING * * *
The electric eel shoots out a bolt of lightning at you!
The bolt of electricity hits you but does no damage.
You take 13 damage, and have 22/75 hp.
Your unstable footing causes you to fumble your attack.
You barely miss the electric eel.
The electric eel is severely wounded.
You slash the electric eel!
Your unstable footing causes you to fumble your attack.
The electric eel shoots out a bolt of lightning at you!
The bolt of electricity hits you!
* * * LOW HITPOINT WARNING * * *
The electric eel shoots out a bolt of lightning at you!
The bolt of electricity hits you.
* * * LOW HITPOINT WARNING * * *
You take 16 damage, and have 7/75 hp.
MASSIVE DAMAGE!!
You hit the electric eel.
The electric eel is almost dead.
You hit the electric eel.
The electric eel shoots out a bolt of lightning at you!
The bolt of electricity hits you!
You die...
Your body crumbles into a pile of gold.

#.# #.# .# #.#
#.# .#
#.###.###.#
#.........###
#####.......####
#.............
#.##.......♣.
#..###..♣~♣~♣~♣
#.#♣♣~♣~@~~~~~♣
.. ♣~PS♣SP~~~≈≈
#.#♣P~~~~~~~~≈~≈≈
.. ♣♣~~~~P≈≈≈≈≈≈≈
#..
~~~~♣~≈≈≈≈≈≈≈≈
~~~~~P~≈≈≈≈≈≈≈≈
♣~~~~~~~≈≈≈≈≈≈≈
♣~~~~~♣~~~~≈≈≈≈
#~♣~~~~~♣≈~≈


You could see 2 electric eels.

Vanquished Creatures
  Pikel (D:5)
  A hornet (D:6)
  Eustachio (D:5)
  A steam dragon (D:6)
  Edmund (D:5)
  Duvessa (D:4)
  An ice beast (D:6)
  2 black bears
  2 centaurs (D:5)
  2 phantoms
  A lemure (D:5)
  Blork the orc (D:4)
  4 scorpions
  A wight (D:6)
  Dowan (D:4)
  A howler monkey (D:6)
  2 bombardier beetles
  3 jellies (D:4)
  2 hounds (D:5)
  A sleepcap (D:6)
  3 orc wizards
  Natasha (thrice) (D:4)
  An iguana (D:5)
  5 adders
  A ribbon worm (D:4)
  8 orcs
  3 bats
  4 endoplasms
  3 giant cockroaches
  8 goblins
  3 hobgoblins (D:1)
  7 kobolds
  3 quokkas
  4 ball pythons
  4 frilled lizards
  5 rats
95 creatures vanquished.

Vanquished Creatures (others)
  A jelly (D:6)
1 creature vanquished.

Grand Total: 96 creatures vanquished

Notes
Turn   | Place    | Note
-------+----------+-------------------------------------------
     0 | D:1      | Dirtsage the Mountain Dwarf Fighter began the quest for the
                  | Orb.
     0 | D:1      | Reached XP level 1. HP: 19/19 MP: 1/1
   147 | D:1      | Reached skill level 3 in Axes
   189 | D:1      | Reached XP level 2. HP: 26/26 MP: 2/2
   582 | D:1      | Reached skill level 4 in Axes
   986 | D:2      | Found a shimmering blue altar of Sif Muna.
  1005 | D:2      | Reached XP level 3. HP: 25/31 MP: 3/3
  1290 | D:2      | Reached skill level 5 in Axes
  1338 | D:2      | Reached XP level 4. HP: 38/38 MP: 4/4
  1521 | D:2      | Found a faded altar of an unknown god.
  1691 | D:3      | Found a shimmering blue altar of Sif Muna.
  1767 | D:3      | Noticed a phantom
  1777 | D:3      | Killed a phantom
  1778 | D:3      | Reached skill level 6 in Axes
  1778 | D:3      | Reached XP level 5. HP: 36/45 MP: 5/5
  1873 | D:3      | Found Leyhur's Book Emporium.
  1932 | D:3      | Found an ornate altar of the Wu Jian Council.
  1964 | D:3      | Found a sacrificial altar of Ru.
  2012 | D:3      | Found Tuinluz's Assorted Antiques.
  2035 | D:3      | Found a sparkling altar of Nemelex Xobeh.
  2037 | D:3      | Found a hazy altar of Hepliaklqana.
  2071 | D:3      | Found Teadghux's Assorted Antiques.
  2184 | D:3      | Found Welax's Book Emporium.
  2187 | D:3      | Found Laxe's Armour Emporium.
  2357 | D:4      | Noticed Duvessa
  2362 | D:4      | Noticed Dowan
  2369 | D:4      | Killed Duvessa
  2370 | D:4      | Reached skill level 7 in Axes
  2370 | D:4      | Reached XP level 6. HP: 48/51 MP: 6/6
  2375 | D:4      | Killed Dowan
  2376 | D:4      | Reached skill level 8 in Axes
  2519 | D:4      | Noticed Natasha
  2520 | D:4      | Noticed Blork the orc
  2526 | D:4      | Killed Natasha
  2633 | D:4      | Noticed Natasha
  2640 | D:4      | Killed Natasha
  2641 | D:4      | Reached skill level 9 in Axes
  2797 | D:4      | Killed Blork the orc
  2798 | D:4      | Reached XP level 7. HP: 24/57 MP: 7/7
  2989 | D:4      | Noticed Natasha
  2994 | D:4      | Killed Natasha
  3047 | D:4      | Reached skill level 1 in Shapeshifting
  3247 | D:5      | Entered Level 5 of the Dungeon
  3248 | D:5      | Noticed Edmund
  3318 | D:5      | Reached skill level 10 in Axes
  3376 | D:5      | Reached XP level 8. HP: 63/66 MP: 8/8
  3389 | D:5      | Found Nocsysm's Assorted Antiques.
  3396 | D:5      | Bought a scroll of identify for 50 gold pieces
  3396 | D:5      | Bought a scroll of identify for 50 gold pieces
  3425 | D:5      | Noticed Pikel
  3463 | D:5      | Killed Pikel
  3627 | D:5      | Reached skill level 11 in Axes
  3633 | D:5      | Reached skill level 5 in Fighting
  3633 | D:5      | Reached skill level 5 in Armour
  3643 | D:5      | Noticed Eustachio
  3862 | D:5      | Killed Eustachio
  3995 | D:5      | Reached XP level 9. HP: 68/74 MP: 9/9
  4088 | D:5      | Killed Edmund
  4728 | D:6      | Found a staircase to the Ecumenical Temple.
  4744 | D:6      | Reached skill level 12 in Axes
  4857 | Temple   | Entered the Ecumenical Temple
  4864 | Temple   | Became a worshipper of Gozag Ym Sagoz the Greedy
  5169 | D:6      | Killed from afar by an electric eel

Illustrated notes

Levels and vault maps discovered:
D:1:      lightli_arrival_flooded_house, layout_loops_corners,
          minmay_misc_feat_plants, chequers_serial_rivers_large_a,
          chequers_mini_garden, st_stairs_9, dk_noncrumbling_3
D:2:      layout_basic, dreamdust_ecumenical_altar_angels_and_demons,
          basic_altar, kennysheep_generic_room_5
D:3:      layout_loops_cross, nicolae_sif_muna_little_library,
          nicolae_overflow_hidden_temple, serial_shops, nicolae_shop_stone,
          nicolae_shop_statue_plus, nicolae_shop_tiny_real_fake_doors, shop,
          shop
D:4:      layout_rooms, uniq_blork_the_orc, uniq_natasha, uniq_duvessa
D:5:      layout_basic, serial_shops, shop, nicolae_eternal_life,
          lemuel_flamethrower_1, uniq_edmund, uniq_pikel, uniq_eustachio
D:6:      layout_basic, mainiacjoe_overflow_concentric_impassable,
          nicolae_overflow_two_pavilions, minmay_temple_entry_tees,
          ebering_ghost_rock_garden, serial_bayou, serial_bayou_pond_c,
          serial_bayou_lake_a, serial_bayou_pond_d, serial_bayou_pond_b
Temple:   hellmonk_temple_micro_hex

Skill      XL: |  1  2  3  4  5  6  7  8  9 |
---------------+----------------------------+-----
Axes           | 3 4 5 6 7 9 10 11 12 | 12.2
Shapeshifting  | 1 3 |  3.6
Fighting       | 4 5 6 |  6.1
Armour         | 4 5 6 |  6.1
Shields        | |  3.3

Action                     |  1- 3 |  4- 6 |  7- 9 || total
---------------------------+-------+-------+-------++-------
  Melee: War axe           |   102 |    75 |   215 ||   392
    Use: Scroll            |       |     7 |     5 ||    12
         Potion            |       |     1 |     3 ||     4
 Armour: Scale mail        |    78 |    63 |    98 ||   239
         Chain mail        |       |       |    70 ||    70
         Skin              |       |       |     5 ||     5
  Dodge: Dodged            |    42 |    20 |    57 ||   119
  Block: Buckler           |    23 |     6 |    25 ||    54

Table legend: (Time is in decaauts)
 A = Elapsed time spent in this place.
 B = Non-inter-level travel time spent in this place.
 C = Inter-level travel time spent in this place.
 D = Time resting spent in this place.
 E = Time spent auto-exploring this place.
 F = Levels seen in this place.
 G = Mean time per level.
                   A        B        C        D        E       F      G
               +--------+--------+--------+--------+--------+-----+--------+
         Total |   5228 |   5095 |    133 |    622 |   3561 |   7 |  746.9 |
       Dungeon |   5213 |   5086 |    127 |    622 |   3561 |   6 |  868.8 |
        Temple |     14 |      8 |      6 |      0 |      0 |   1 |   14.0 |
               +--------+--------+--------+--------+--------+-----+--------+

Top non-repeatable levels by time:
     D:5: 1191 daAuts
     D:1: 1008 daAuts
     D:4: 826 daAuts
     D:3: 808 daAuts
     D:6: 715 daAuts
     D:2: 662 daAuts
  Temple: 14 daAuts
